 Dungeon Crawl Stone Soup version 0.21-a0-442-g848f44b (webtiles) character file.

125 Goblin1989 the Shield-Bearer (level 5, 0/47 HPs)
             Began as a Gnoll Fighter on Nov 16, 2017.
             Was an Initiate of Okawaru.
             Killed by divine providence
             ... invoked by an orc priest
              (13 damage)
             ... on level 4 of the Dungeon.
             The game lasted 00:04:07 (2056 turns).

Goblin1989 the Shield-Bearer (Gnoll Fighter)        Turns: 2056, Time: 00:04:08

Health: 0/47       AC: 12    Str: 19    XL:     5   Next: 9%
Magic:  6/6        EV:  8    Int: 11    God:    Okawaru [......]
Gold:   124        SH: 10    Dex: 14    Spells: 6/6 levels left

rFire    . . .     SeeInvis .   y - +2 whip (venom)
rCold    . . .     Gourm    .   c - +0 shield
rNeg     . . .     Faith    .   b - +0 scale mail
rPois    .         Spirit   .   u - +2 helmet
rElec    .         Reflect  .   w - +0 cloak
rCorr    .         Harm     .   (no gloves)
MR       .....                  (no boots)
Stlth    ..........             (no amulet)
HPRegen  0.15/turn              (no ring)
MPRegen  0.10/turn              (no ring)

@: no status effects
A: distributed training, fangs 1, strong nose
a: Renounce Religion


You were on level 4 of the Dungeon.
You worshipped Okawaru.
Okawaru was noncommittal.
You were not hungry.

You visited 1 branch of the dungeon, and saw 4 of its levels.

You collected 124 gold pieces.

Inventory:

Hand Weapons
 a - a +0 flail
 y - a +2 whip of venom (weapon)
Missiles
 j - 32 arrows
 n - 124 stones (quivered)
 r - 35 bolts
 t - 21 sling bullets
Armour
 b - a +0 scale mail (worn)
 c - a +0 shield (worn)
 u - a +2 helmet (worn)
 w - a +0 cloak (worn)
Scrolls
 i - a scroll of enchant armour {unknown}
 k - a scroll of noise {unknown}
 v - a scroll of remove curse {unknown}
 R - 5 scrolls of identify {@r1}
Potions
 d - a potion of might
 g - a potion of resistance {unknown}
 l - 2 potions of cancellation {unknown}
 m - a potion of brilliance {unknown}
 o - a potion of mutation {unknown}
 p - 2 potions of lignification
Comestibles
 e - 5 bread rations {@e1}
 q - a fruit
 s - 3 royal jellies
 x - a chunk of flesh


   Skills:
 + Level 6.6 Fighting
 + Level 1.3 Short Blades
 + Level 1.3 Long Blades
 + Level 1.3 Axes
 + Level 4.7 Maces & Flails
 + Level 1.3 Polearms
 + Level 1.3 Staves
 + Level 1.3 Slings
 + Level 1.3 Bows
 + Level 1.3 Crossbows
 + Level 1.3 Throwing
 + Level 6.6 Armour
 + Level 1.3 Dodging
 + Level 1.3 Stealth
 + Level 6.6 Shields
 + Level 1.3 Unarmed Combat
 + Level 1.3 Spellcasting
 + Level 1.0 Conjurations
 + Level 1.0 Hexes
 + Level 1.0 Charms
 + Level 1.0 Summonings
 + Level 1.0 Necromancy
 + Level 1.0 Translocations
 + Level 1.0 Transmutations
 + Level 1.0 Fire Magic
 + Level 1.0 Ice Magic
 + Level 1.0 Air Magic
 + Level 1.0 Earth Magic
 + Level 1.0 Poison Magic
 + Level 1.4 Invocations
 + Level 1.3 Evocations


You had 6 spell levels left.
You didn't know any spells.

Dungeon Overview and Level Annotations

Branches:
Dungeon (4/15)
 Temple: D:4-7

Altars:
Okawaru
Yredelemnul

Annotations:
D:3 Sigmund


Innate Abilities, Weirdness & Mutations

Your experience applies equally to all skills.
You have very sharp teeth.
Your uncanny sense of smell can sniff out nearby items.


Message History

No target in view!
No target in view!
No target in view!
No target in view!
No target in view!
No target in view!
No target in view!
No target in view!
No target in view!
No target in view!
No target in view!
Unknown command.
There is an open door here.
There is a stone staircase leading down here.
You climb downwards.
There is a stone staircase leading up here.
Unknown command.
No target in view!
r - 35 bolts (gained 14)
Found a stone staircase leading up.
You now have 124 gold pieces (gained 18).
A quokka comes into view.
A quokka is nearby!
You hit the quokka.
The quokka is poisoned.
You bite the quokka.
The quokka is almost dead.
You block the quokka's attack.
You closely miss the quokka.
The quokka is almost dead.
The quokka bites you but does no damage.
You hit the quokka.
You kill the quokka!
Okawaru accepts your kill.
No target in view!
No target in view!
No target in view!
No target in view!
No target in view!
No target in view!
No target in view!
No target in view!
No target in view!
No target in view!
No target in view!
No target in view!
No target in view!
j - 32 arrows (gained 8)
You butcher the quokka corpse.
x - 3 chunks of flesh (gained 1)
You see here a quokka skeleton. x2
n - 124 stones (gained 16)
p - 2 grey potions (gained 1) Eating one of 3 chunks of flesh.
You eat one of the 3 chunks of flesh.
This raw flesh tastes terrible.
You open the door.
There is an open door here.
There is an open door here.
As you open the door, it creaks loudly!
Found a stone staircase leading down.
There is an open door here.
There is a stone staircase leading down here.
Some of the chunks of flesh in your inventory have rotted away.
An orc priest comes into view. It is wielding a trident.
The orc priest shouts!
You hear a shout!
An orc comes into view. It is wielding a war axe.
An orc comes into view. It is wielding a club.
The orc shouts!
The orc moves out of view.
The orc priest looks satisfied for a moment.
An orc and an orc priest come into view.
The orc shouts!
The orc priest shouts!
The orc priest invokes the aid of Beogh against you.
Beogh smites you! The orc priest barely misses you.
Found a stone staircase leading down.
You take 11 damage, and have 36/47 hp.
MASSIVE DAMAGE!!
The orc priest moves out of view.
The orc priest hits you with a trident.
You take 4 damage, and have 32/47 hp.
You hit the orc priest.
The orc priest is poisoned.
The orc priest is moderately wounded.
You block the orc priest's attack.
You barely miss the orc priest.
The orc priest is moderately wounded.
You hit the orc.
The orc is poisoned.
The orc is moderately wounded.
The orc priest hits you from afar with a trident.
You take 2 damage, and have 30/47 hp.
You hit the orc.
The orc looks as sick as possible!
The orc is heavily wounded.
You block the orc's attack.
The orc priest mumbles some strange prayers to Beogh against you.
Beogh smites you!
* * * LOW HITPOINT WARNING * * *
You block the orc priest's attack.
As you read the scroll labeled VUIXUHASHRE, it crumbles to dust.
It is a scroll of identify.
p - 2 potions of lignification;
R - 5 scrolls of identify You kill the orc!
Okawaru accepts your kill.
The orc priest mumbles some strange prayers to Beogh against you.
Beogh smites you!
You die...

█.........█
█.........█
█.........█
████.█..█.█
█.██.█.█
█.██.█ █ █.
█.█ ∆ █.█
█@█ █)█


▲oo ██o. .>█ ███ You could see 2 orc priests and an orc.

Vanquished Creatures
  Crazy Yiuf (D:2)
  5 adders
  A worm (D:3)
  2 leopard geckos
  2 orcs
  A ball python (D:1)
  7 bats
  2 giant cockroaches
  7 goblins
  A hobgoblin (D:3)
  3 jackals (D:1)
  3 quokkas
  2 frilled lizards
  4 kobolds
  6 rats
47 creatures vanquished.

Notes
Turn   | Place    | Note
-------+----------+-------------------------------------------
     0 | D:1      | Goblin1989 the Gnoll Fighter began the quest for the Orb.
     0 | D:1      | Reached XP level 1. HP: 23/23 MP: 1/1
   186 | D:1      | Reached XP level 2. HP: 29/29 MP: 2/2
   713 | D:2      | Found a basalt altar of Yredelemnul.
   718 | D:2      | Reached XP level 3. HP: 35/35 MP: 3/3
   868 | D:2      | Reached skill level 1 in Invocations
   906 | D:2      | Reached skill level 1 in Short Blades
   906 | D:2      | Reached skill level 1 in Long Blades
   906 | D:2      | Reached skill level 1 in Axes
   906 | D:2      | Reached skill level 1 in Polearms
   906 | D:2      | Reached skill level 1 in Staves
   906 | D:2      | Reached skill level 1 in Slings
   906 | D:2      | Reached skill level 1 in Bows
   906 | D:2      | Reached skill level 1 in Crossbows
   906 | D:2      | Reached skill level 1 in Throwing
   906 | D:2      | Reached skill level 1 in Dodging
   906 | D:2      | Reached skill level 1 in Stealth
   906 | D:2      | Reached skill level 1 in Unarmed Combat
   906 | D:2      | Reached skill level 1 in Spellcasting
   906 | D:2      | Reached skill level 1 in Evocations
   980 | D:2      | Found a runed door.
  1060 | D:2      | Found an iron altar of Okawaru.
  1064 | D:2      | Reached XP level 4. HP: 41/41 MP: 5/5
  1069 | D:2      | Became a worshipper of Warmaster Okawaru
  1513 | D:2      | Noticed Crazy Yiuf
  1520 | D:2      | Killed Crazy Yiuf
  1520 | D:2      | Reached skill level 1 in Conjurations
  1520 | D:2      | Reached skill level 1 in Hexes
  1520 | D:2      | Reached skill level 1 in Charms
  1520 | D:2      | Reached skill level 1 in Summonings
  1520 | D:2      | Reached skill level 1 in Necromancy
  1520 | D:2      | Reached skill level 1 in Translocations
  1520 | D:2      | Reached skill level 1 in Transmutations
  1520 | D:2      | Reached skill level 1 in Fire Magic
  1520 | D:2      | Reached skill level 1 in Ice Magic
  1520 | D:2      | Reached skill level 1 in Air Magic
  1520 | D:2      | Reached skill level 1 in Earth Magic
  1520 | D:2      | Reached skill level 1 in Poison Magic
  1827 | D:3      | Reached XP level 5. HP: 47/47 MP: 6/6
  1875 | D:3      | Noticed Sigmund
  2056 | D:4      | Killed from afar by an orc priest

Vault maps used:
D:1:      ncdulo_halloftheorcs
D:2:      old_standard_altar, okawaru_trees_1, uniq_crazy_yiuf_cottage
D:3:      uniq_sigmund
D:4:      grunt_temple_overflow_diamond, first_bread, bh_walls_and_bars

Skill      XL: |  1  2  3  4 |
---------------+-------------+-----
Invocations    | 1 |  1.4
Short Blades   | 1 |  1.3
Long Blades    | 1 |  1.3
Axes           | 1 |  1.3
Polearms       | 1 |  1.3
Staves         | 1 |  1.3
Slings         | 1 |  1.3
Bows           | 1 |  1.3
Crossbows      | 1 |  1.3
Throwing       | 1 |  1.3
Dodging        | 1 |  1.3
Stealth        | 1 |  1.3
Unarmed Combat | 1 |  1.3
Spellcasting   | 1 |  1.3
Evocations     | 1 |  1.3
Conjurations   | 1 |  1.0
Hexes          | 1 |  1.0
Charms         | 1 |  1.0
Summonings     | 1 |  1.0
Necromancy     | 1 |  1.0
Translocations | 1 |  1.0
Transmutations | 1 |  1.0
Fire Magic     | 1 |  1.0
Ice Magic      | 1 |  1.0
Air Magic      | 1 |  1.0
Earth Magic    | 1 |  1.0
Poison Magic   | 1 |  1.0
Fighting       | |  6.6
Maces & Flails | |  4.7
Armour         | |  6.6
Shields        | |  6.6

Action                   |  1- 3 |  4- 6 || total
-------------------------+-------+-------++-------
Melee: Flail             |    73 |    24 ||    97
       Bite              |     7 |     6 ||    13
       Whip              |       |    32 ||    32
  Use: Scroll            |       |     1 ||     1
  Eat: Chunk             |     1 |     3 ||     4
Armor: Scale mail        |    42 |     8 ||    50
Dodge: Dodged            |    18 |    14 ||    32
Block: Shield            |    55 |    26 ||    81

Table legend:
 A = Spawn XP
 B = Non-spawn XP
 C = Spawn XP percentage of total XP
 D = Spawn monster count
 E = Non-spawn monster count
 F = Spawn count percentage of total count
 G = Total turns spent on level
                    A         B        C        D         E        F      G
               +---------+---------+-------+---------+---------+-------+---------
         Total |       0 |     179 |   0.0 |       0 |      47 |   0.0 |  2056
               +---------+---------+-------+---------+---------+-------+---------
           D:1 |       0 |      30 |   0.0 |       0 |      17 |   0.0 |   609
           D:2 |       0 |     109 |   0.0 |       0 |      17 |   0.0 |   990
           D:3 |       0 |      35 |   0.0 |       0 |      11 |   0.0 |   343
           D:4 |       0 |       5 |   0.0 |       0 |       2 |   0.0 |   114
               +---------+---------+-------+---------+---------+-------+---------

Vault maps used:
D:1:      ncdulo_halloftheorcs
D:2:      old_standard_altar, okawaru_trees_1, uniq_crazy_yiuf_cottage
D:3:      uniq_sigmund
D:4:      grunt_temple_overflow_diamond, first_bread, bh_walls_and_bars
